 Dungeon Crawl Stone Soup version 0.21-a0-538-gd16b88a (webtiles) character file.

4947 mortelune the Destroyer (level 10, -17/53 HPs)
             Began as a Deep Elf Fire Elementalist on Dec 16, 2017.
             Was an Elder of Sif Muna.
             Killed by the air
             ... invoked by Gastronok
              (32 damage)
             ... on level 8 of the Dungeon.
             The game lasted 00:38:16 (12469 turns).

mortelune the Destroyer (DEFE)                     Turns: 12469, Time: 00:38:17

Health: -17/53     AC:  4    Str:  7    XL:     10   Next: 28%
Magic:  14/25      EV: 16    Int: 22    God:    Sif Muna [****..]
Gold:   92         SH:  0    Dex: 19    Spells: 13/28 levels left

rFire    . . .     SeeInvis .   y - +4 quarterstaff of Nightmares {crush, +Fly Dex+4}
rCold    . . .     Gourm    +   (shield currently unavailable)
rNeg     . . .     Faith    .   a - +0 robe
rPois    .         Spirit   .   (no helmet)
rElec    .         Reflect  .   (no cloak)
rCorr    .         Harm     .   B - +0 pair of gloves
MR       +....                  d - +0 pair of boots
Stlth    ++........             J - amulet of the gourmand
HPRegen  0.17/turn              (no ring)
MPRegen  0.19/turn              (no ring)

@: slowed, very slow
A: no striking features
a: Divine Energy, Channel Magic, Forget Spell, Renounce Religion, Evoke Flight


You were on level 8 of the Dungeon.
You worshipped Sif Muna.
Sif Muna was greatly pleased with you.
You were hungry.

You visited 1 branch of the dungeon, and saw 8 of its levels.

You collected 290 gold pieces.
You spent 198 gold pieces at shops.

Inventory:

Hand Weapons
 x - a +1 short sword of speed
 y - the +4 quarterstaff of Nightmares (weapon) {crush, +Fly Dex+4}
   (You bought it in a shop on level 4 of the Dungeon)

   It inflicts extra damage upon your enemies.
   It affects your dexterity (+4).
   It lets you fly.
 C - a +1 falchion of freezing
 H - a +0 spear of freezing
Missiles
 l - 214 stones (quivered)
Armour
 a - a +0 robe (worn)
 d - a +0 pair of boots (worn)
 o - a +2 ring mail of fire resistance
 B - a +0 pair of gloves (worn)
Jewellery
 A - an uncursed ring of ice
 J - an amulet of the gourmand (around neck)
Wands
 r - a wand of flame (31)
 E - a wand of digging (5)
 F - a wand of iceblast (8)
Scrolls
 e - a scroll of amnesia {unknown}
 h - 4 scrolls of remove curse
 i - a scroll of teleportation
 k - a scroll of blinking {unknown}
 m - a scroll of fear {unknown}
 n - 2 scrolls of identify
 p - a scroll of enchant weapon {unknown}
 t - a scroll of immolation
 u - 3 scrolls of enchant armour
 D - 2 scrolls of random uselessness {unknown}
 G - 2 scrolls of summoning {unknown}
Potions
 f - 3 potions of might
 j - 3 potions of brilliance
 s - a potion of curing
 w - a potion of flight
 z - a potion of mutation
Books
 b - a book of Flames

   Spells                             Type                      Level
   a - Flame Tongue                   Conjuration/Fire             1
   b - Throw Flame                    Conjuration/Fire             2
   c - Conjure Flame                  Conjuration/Fire             3
   d - Inner Flame                    Hexes/Fire                   3
   e - Sticky Flame                   Conjuration/Fire             4
   f - Fireball                       Conjuration/Fire             5
Comestibles
 c - 5 bread rations
 g - 5 royal jellies
 q - 2 meat rations
 v - 3 fruits


   Skills:
 + Level 1.8 Fighting
 + Level 5.9 Dodging
 - Level 2.4 Stealth
 + Level 9.7 Spellcasting
 + Level 9.9 Conjurations
 * Level 9.8 Fire Magic


You had 13 spell levels left.
You knew the following spells:

 Your Spells              Type           Power        Failure   Level  Hunger
a - Flame Tongue          Conj/Fire      #####        1%          1    None
b - Throw Flame           Conj/Fire      ######       1%          2    None
c - Conjure Flame         Conj/Fire      ######..     1%          3    None
d - Sticky Flame          Conj/Fire      ######..     1%          4    ##.....
e - Fireball              Conj/Fire      ######....   3%          5    ####...


Dungeon Overview and Level Annotations

Branches:
Dungeon (8/15)             Temple (0/1) D:4
   Lair: D:8-11

Altars:
Ashenzari
Fedhas
Gozag
Nemelex Xobeh
Okawaru
Qazlal
Ru
Sif Muna
Trog

Shops:
D:4 (

Annotations:
D:5 2 runed doors
D:8 Gastronok


Message History

You feel as though you will be slow longer.
Casting: Flame Tongue
Confirm with . or Enter, or press ? or * to list all spells.
Aiming: Flame Tongue
Press: ? - help, Shift-Dir - straight line, f/p - Gastronok
Aim: Gastronok, wearing a glowing hat (heavily wounded)
The flame tongue hits Gastronok.
Gastronok is heavily wounded.
Gastronok bites you!!
Ouch! That really hurt!
There is a stone staircase leading up here.
Gastronok looks at you and mumbles some strange words.
You barely resist.
Gastronok waves his eye-stalks in wide circles.
The air twists around and strikes you!
* * * LOW HITPOINT WARNING * * *
Gastronok waves his eye-stalks in wide circles.
The air twists around and strikes you!
Ouch! That really hurt!
You die...

#######
##.....##
##.......##
#.....<...#
#...w.....#
#...$.....#
#..)......#
#.......@.###
#........)......
#.........####..
#.........###
#$...........
#...<.....###
####.......##
#.........## ###
#.ยงยงยง##w..#
...


You could see Gastronok.

Vanquished Creatures
  A two-headed ogre (D:7)
  Pikel (D:6)
  A yak (D:7)
  Menkaure (D:7)
  Duvessa (D:6)
  3 slaves (D:6)
  3 ice beasts
  2 orc warriors
  2 black bears (D:6)
  A phantom (D:4)
  2 sky beasts (D:5)
  4 ogres
  A wolf (D:8)
  3 centaurs
  A big kobold (D:7)
  3 bullfrogs
  A water moccasin zombie (D:7)
  Dowan (D:6)
  A scorpion (D:4)
  A jelly (D:6)
  5 wights (D:6)
  An electric eel (D:8)
  2 howler monkeys
  A crimson imp (D:7)
  2 bullfrog zombies
  3 hounds
  4 orc priests
  11 orc wizards
  An iguana (D:5)
  8 worker ants
  A centaur simulacrum (D:8)
  A hound zombie (D:5)
  3 hound skeletons
  A worker ant zombie (D:7)
  4 gnolls
  9 adders
  A shadow imp (D:5)
  A white imp (D:8)
  An ufetubus (D:8)
  An ooze (D:3)
  3 adder skeletons
  A worm (D:2)
  3 dart slugs
  6 leopard geckos
  25 orcs
  4 giant cockroaches
  5 goblins
  5 hobgoblins
  6 jackals
  15 kobolds
  3 quokkas
  A ball python skeleton (D:4)
  9 bats
  4 frilled lizards
  A leopard gecko simulacrum (D:8)
  A leopard gecko skeleton (D:4)
  A quokka skeleton (D:4)
  22 rats
210 creatures vanquished.

Vanquished Creatures (others)
  An orc (D:6)
1 creature vanquished.

Grand Total: 211 creatures vanquished

Notes
Turn   | Place    | Note
-------+----------+-------------------------------------------
     0 | D:1      | mortelune the Deep Elf Fire Elementalist began the quest for the Orb.
     0 | D:1      | Reached XP level 1. HP: 10/10 MP: 6/6
   458 | D:1      | Reached XP level 2. HP: 15/15 MP: 4/8
   464 | D:1      | Learned a level 2 spell: Throw Flame
  1060 | D:1      | Reached XP level 3. HP: 19/19 MP: 6/10
  1065 | D:1      | Learned a level 3 spell: Conjure Flame
  1760 | D:2      | Found a deep blue altar of Sif Muna.
  1767 | D:2      | Became a worshipper of Sif Muna the Loreminder
  2165 | D:2      | Found a sparkling altar of Nemelex Xobeh.
  2265 | D:2      | Reached XP level 4. HP: 24/24 MP: 3/11
  2381 | D:2      | Found a sacrificial altar of Ru.
  2968 | D:3      | Found an opulent altar of Gozag.
  3422 | D:3      | Found an iron altar of Okawaru.
  3474 | D:3      | Found a shattered altar of Ashenzari.
  3554 | D:3      | Reached XP level 5. HP: 28/28 MP: 6/13
  3570 | D:2      | Learned a level 4 spell: Sticky Flame
  3743 | D:3      | Reached * piety under Sif Muna
  4459 | D:4      | Found Pogruq's Antique Weapon Shop.
  4593 | D:4      | Noticed an ogre
  4599 | D:4      | Killed an ogre
  4599 | D:4      | Reached skill level 5 in Spellcasting
  4599 | D:4      | Reached skill level 5 in Conjurations
  4599 | D:4      | Reached XP level 6. HP: 32/32 MP: 9/15
  5008 | D:4      | Found a staircase to the Ecumenical Temple.
  5155 | D:4      | Reached skill level 5 in Fire Magic
  5367 | D:4      | Reached XP level 7. HP: 29/36 MP: 6/17
  5716 | D:5      | Entered Level 5 of the Dungeon
  6028 | D:5      | Found a runed door.
  6046 | D:5      | Reached ** piety under Sif Muna
  6133 | D:5      | Found a runed door.
  6401 | D:5      | Found a bloodstained altar of Trog.
  6612 | D:5      | Found a stormy altar of Qazlal.
  6659 | D:5      | Reached XP level 8. HP: 41/41 MP: 10/19
  6733 | D:5      | Learned a level 5 spell: Fireball
  7365 | D:4      | Bought a fine quarterstaff for 198 gold pieces
  7365 | D:4      | Identified the +4 quarterstaff of Nightmares {crush, +Fly Dex+4} (You bought it in a shop on level 4 of the Dungeon)
  7852 | D:6      | Reached *** piety under Sif Muna
  8294 | D:6      | Noticed Pikel
  8299 | D:6      | Killed Pikel
  8299 | D:6      | Reached XP level 9. HP: 45/45 MP: 2/23
  8513 | D:6      | Noticed Duvessa
  8515 | D:6      | Noticed Dowan
  8533 | D:6      | Killed Duvessa
  8538 | D:6      | Killed Dowan
  9193 | D:6      | Reached **** piety under Sif Muna
 10266 | D:7      | Noticed Menkaure
 10274 | D:7      | Killed Menkaure
 10274 | D:7      | Reached skill level 5 in Dodging
 10731 | D:7      | Found a blossoming altar of Fedhas.
 11000 | D:8      | Reached skill level 1 in Fighting
 11020 | D:8      | Noticed a two-headed ogre
 11305 | D:7      | Killed a two-headed ogre
 11305 | D:7      | Reached XP level 10. HP: 18/52 MP: 6/25
 11562 | D:8      | Noticed a two-headed ogre
 11683 | D:8      | Noticed Gastronok
 12469 | D:8      | Killed from afar by Gastronok

Vault maps used:
D:1:      erik_arrival_orb_chamber
D:2:      overflow_temple_1_default, overflow_temple_1_default,
          hangedman_ru_absence
D:3:      overflow_temple_1_default, evilmike_ruin_ashenzari,
          grunt_gozag_statues
D:4:      lemuel_temple_firewalk_b, serial_shops, shop, hangedman_decor_lopped
D:5:      lemuel_insect_pit, nicolae_overflow_hidden_temple,
          nicolae_qazlal_eye_of_the_storm, first_bread
D:6:      uniq_duvessa, uniq_pikel
D:7:      lemuel_doored_altar, uniq_menkaure
D:8:      serial_ice, serial_ice_e, serial_ice_b, serial_ice_k, serial_ice_a,
          serial_ice_m, serial_ice_d, serial_ice_n, serial_shops,
          kennysheep_mini_moat, shop, shop, shop, uniq_gastronok

Skill      XL: |  1  2  3  4  5  6  7  8  9 |
---------------+----------------------------+-----
Conjurations   | 2 3 5 7 9 |  9.9
Spellcasting   | 4 5 6 8 9 |  9.7
Fire Magic     | 4 5 6 7 9 |  9.8
Dodging        | 3 5 |  5.9
Fighting       | 1 |  1.8
Stealth        | |  2.4

Action                   |  1- 3 |  4- 6 |  7- 9 | 10-12 || total
-------------------------+-------+-------+-------+-------++-------
Melee: Unarmed           |     5 |       |       |       ||     5
       Dagger            |     4 |     4 |       |       ||     8
       Quarterstaff      |       |       |    11 |       ||    11
       Spear             |       |       |    55 |       ||    55
 Cast: Flame Tongue      |    46 |    69 |   143 |    27 ||   285
       Throw Flame       |    21 |    51 |    73 |    10 ||   155
       Conjure Flame     |     2 |     5 |     9 |       ||    16
       Sticky Flame      |       |     3 |    24 |     4 ||    31
       Fireball          |       |       |    11 |     5 ||    16
  Use: Potion            |       |     5 |     1 |       ||     6
       Scroll            |       |     4 |     5 |       ||     9
  Eat: Chunk             |     5 |    10 |    15 |     4 ||    34
       Meat ration       |       |       |     1 |       ||     1
       Royal jelly       |       |       |     1 |       ||     1
       Fruit             |       |       |       |     1 ||     1
Armor: Robe              |     3 |     3 |    24 |     5 ||    35
       Skin              |       |     3 |       |       ||     3
Dodge: Dodged            |    16 |    12 |   122 |    14 ||   164

Table legend:
 A = Spawn XP
 B = Non-spawn XP
 C = Spawn XP percentage of total XP
 D = Spawn monster count
 E = Non-spawn monster count
 F = Spawn count percentage of total count
 G = Total turns spent on level
                    A         B        C        D         E        F      G
               +---------+---------+-------+---------+---------+-------+---------
         Total |       0 |    7068 |   0.0 |       0 |     207 |   0.0 | 12469
               +---------+---------+-------+---------+---------+-------+---------
           D:1 |       0 |      51 |   0.0 |       0 |      26 |   0.0 |  1571
           D:2 |       0 |     101 |   0.0 |       0 |      29 |   0.0 |  1587
           D:3 |       0 |     124 |   0.0 |       0 |      21 |   0.0 |  1072
           D:4 |       0 |     463 |   0.0 |       0 |      22 |   0.0 |  1614
           D:5 |       0 |    1100 |   0.0 |       0 |      30 |   0.0 |  1873
           D:6 |       0 |    2103 |   0.0 |       0 |      29 |   0.0 |  1968
           D:7 |       0 |    2523 |   0.0 |       0 |      34 |   0.0 |  2603
           D:8 |       0 |     603 |   0.0 |       0 |      16 |   0.0 |   181
               +---------+---------+-------+---------+---------+-------+---------
